 Dungeon Crawl Stone Soup version 0.25-a0-834-g55863b0b92 (webtiles) character file.

Game seed: 13732602898972686570, levelgen mode: deterministic

9765 Nixze the Grappler (level 11, -1/109 HPs)
             Began as a Troll Monk on Apr 23, 2020.
             Was a High Priest of Okawaru.
             Slain by a killer bee (10 damage)
             ... on level 11 of the Dungeon.
             The game lasted 00:19:30 (9552 turns).

Nixze the Grappler (Troll Monk)                     Turns: 9552, Time: 00:19:31

Health: -1/109     AC:  6    Str: 24    XL:     11   Next: 27%
Magic:  14/14      EV: 11    Int:  6    God:    Okawaru [*****.]
Gold:   164        SH:  0    Dex: 12    Spells: 9/10 levels left

rFire    + . .     SeeInvis .     - Unarmed
rCold    . . .     Gourm    +   (no shield)
rNeg     . . .     Faith    .   M - +0 robe of Inaction {rF+} (curse)
rPois    .         Spirit   .   (helmet restricted)
rElec    .         Reflect  .   N - scarf {repulsion}
rCorr    .         Harm     .   (gloves unavailable)
MR       .....                  (boots unavailable)
Stlth    ++........             O - amulet of the acrobat
HPRegen  0.68/turn              a - ring of flight
MPRegen  0.14/turn              (no ring)

@: repel missiles
A: large, unfitting armour, claws 3, fast metabolism 3, gourmand, regeneration
1, shaggy fur 1, tough skin 3
a: Heroism, Finesse, Renounce Religion, Evoke Flight


You were on level 11 of the Dungeon.
You worshipped Okawaru.
Okawaru was extremely pleased with you.
You were completely stuffed.

You visited 1 branch of the dungeon, and saw 11 of its levels.

You collected 574 gold pieces.
You spent 410 gold pieces at shops.

Inventory:

Hand Weapons
 D - the +5 quarterstaff of Fate {holy, *Slow +Rage MR+++ Str+3}
   (Okawaru gifted it to you on level 8 of the Dungeon)

   It has been blessed by the Shining One to cause great damage to the undead
   and demons.
   It affects your strength (+3).
   It affects your resistance to hostile enchantments.
   It lets you go berserk.
   It may slow you when you take damage.
Missiles
 p - 287 stones (quivered)
 q - 28 poisoned darts
 B - 14 boomerangs
 F - 9 atropa-tipped darts
 G - 29 sling bullets
 J - 6 curare-tipped darts
Armour
 d - a +0 robe of magic resistance
 w - a +2 robe of positive energy
 x - the +0 cloak "Hiloeluci" {rC+ MR- Regen+}
   (You bought it in a shop on level 5 of the Dungeon)

   It protects you from cold.
   It affects your resistance to hostile enchantments.
   It increases your rate of regeneration.
 y - a +0 tower shield
 K - a scarf of resistance
 M - the cursed +0 robe of Inaction (worn) {rF+}
   (You bought it in a shop on level 10 of the Dungeon)

   It protects you from fire.
   It has a curse placed upon it.
 N - a scarf of repulsion (worn)
Jewellery
 a - a ring of flight (left claw)
 O - an amulet of the acrobat (around neck)
Wands
 j - a wand of flame (20)
 r - a wand of digging (11)
 E - a wand of iceblast (8)
Scrolls
 c - a scroll of noise {unknown}
 f - 3 scrolls of magic mapping
 i - 2 scrolls of amnesia
 k - 2 scrolls of fog {unknown}
 n - 3 scrolls of teleportation {unknown}
 o - 2 scrolls of identify
 s - 5 scrolls of remove curse
 t - a scroll of immolation {unknown}
 u - a scroll of fear {unknown}
 A - a scroll of enchant weapon {unknown}
 I - a scroll of torment {unknown}
 L - a scroll of enchant armour {unknown}
Potions
 e - 4 potions of flight
 g - 2 potions of berserk rage
 h - a potion of mutation {unknown}
 l - 3 potions of brilliance
 m - 5 potions of curing
 v - 3 potions of invisibility
 z - a potion of lignification {unknown}
 C - a potion of haste {unknown}
 H - a potion of degeneration {unknown}
Comestibles
 b - 23 rations
 P - a chunk of flesh


   Skills:
 + Level 7.6 Fighting
 - Level 4.1 Dodging
 - Level 1.0 Stealth
 * Level 4.5 Shields
 * Level 12.2 Unarmed Combat
 + Level 6.3 Invocations


You had 9 spell levels left.
You knew the following spells:

 Your Spells              Type           Power        Failure   Level  Hunger
a - Corona                Hex            #......      45%         1    ##.....

Your spell library contained the following spells:

 Spells                   Type           Power        Failure   Level  Hunger
 Animate Skeleton         Necr           N/A          45%         1    ##.....
 Apportation              Tloc           #.....       45%         1    ##.....
 Shock                    Conj/Air       #...         45%         1    ##.....
 Summon Small Mammal      Summ           #...         45%         1    ##.....
 Swiftness                Chrm/Air       #.......     58%         2    ###....
 Static Discharge         Conj/Air       #.......     83%         3    ####...
 Airstrike                Air            #.........   99%         4    #####..
 Lightning Bolt           Conj/Air       #.........   100%        5    ######.


Dungeon Overview and Level Annotations

Branches:
Dungeon (11/15)            Temple (0/1) D:4             Orc (0/2) D:10
   Lair: D:8-11

Altars:
Dithmenos
Elyvilon
Gozag
Nemelex Xobeh
Okawaru
Qazlal
Ru
Sif Muna
Uskayaw
Vehumet
Xom
Yredelemnul
The Shining One

Shops:
D:5 [   D:10 [

Annotations:
D:8 3 runed translucent doors, larifari's ghost, journeyman KoEE
D:9 3 runed translucent doors, Necrophagist's ghost, novice DECj


Innate Abilities, Weirdness & Mutations

You are too large for most types of armour.
You have claws for hands.
Your metabolism is lightning-fast.
You like to eat raw meat.
Your natural rate of healing is unusually fast.
You are covered in fur. (AC +1)
You have extremely tough skin. (AC +3)


Message History

You feel better. The killer bee stings you.
* * * LOW HITPOINT WARNING * * *
The killer bee stings you but does no damage.
You are too injured to fight recklessly!
You are too injured to fight recklessly!
You barely miss the killer bee.
The killer bee is moderately wounded.
The killer bee stings you.
* * * LOW HITPOINT WARNING * * *
The killer bee stings you!
* * * LOW HITPOINT WARNING * * *
You closely miss the killer bee.
The killer bee is moderately wounded.
The killer bee stings you.
* * * LOW HITPOINT WARNING * * *
You closely miss the killer bee.
The killer bee is moderately wounded.
The killer bee closely misses you. The killer bee barely misses you.
You feel better. The killer bee stings you!
You die...

#.....≈≈≈≈
##..≈≈≈≈≈≈≈
#####....≈≈≈≈≈≈
..........y≈≈≈.. #.#
#.)..≈.... #.# #.#
#......... #.# #.#
#.####...# #.#
##.#####.....#...
#.# #...@y.[..#.#.#
# #.#
#..####.[##.#.# #.#
#..##........... #.#
#..##.........#.
#.####..##...###.#.#
#.<)).........<#.# #
#####...##..>..# #
#.#........#
#.####.....#


You could see a killer bee.

Vanquished Creatures
  A two-headed ogre (D:8)
  Sonja (D:10)
  2 unseen horrors
  A deep elf mage (D:8)
  A gargoyle (D:11)
  Grinder (D:4)
  A hippogriff (D:9)
  A spriggan (D:8)
  Sigmund (D:5)
  3 yaks (D:9)
  A wyvern (D:10)
  Duvessa (D:6)
  2 ice beasts
  2 sky beasts
  A black bear (D:9)
  4 phantoms
  A necrophage (D:9)
  3 orc warriors
  A wolf (D:10)
  5 ogres
  4 centaurs
  6 bullfrogs
  Dowan (D:6)
  5 scorpions
  A wyvern skeleton (D:8)
  14 killer bees
  3 howler monkeys
  2 crimson imps
  A centaur zombie (D:5)
  A quasit (D:11)
  2 centaur skeletons
  6 orc priests
  9 hounds
  4 jellies
  14 orc wizards
  A bullfrog skeleton (D:10)
  Jessica (D:2)
  Terence (D:3)
  Natasha (thrice) (D:2)
  3 worker ants
  A hound skeleton (D:4)
  A howler monkey skeleton (D:4)
  7 gnolls
  13 adders
  12 river rats (D:6)
  3 shadow imps
  An ooze (D:3)
  An adder zombie (D:5)
  7 worms
  2 dart slugs
  8 leopard geckos
  41 orcs
  4 ball pythons
  6 giant cockroaches
  19 goblins
  9 hobgoblins
  14 jackals
  15 kobolds
  5 quokkas (D:6)
  7 bats
  4 frilled lizards
  A jackal skeleton (D:4)
  3 leopard gecko skeletons
  A leopard gecko zombie (D:6)
  A quokka zombie (D:9)
  30 rats
332 creatures vanquished.

Vanquished Creatures (others)
  A quokka (D:9)
1 creature vanquished.

Grand Total: 333 creatures vanquished

Notes
Turn   | Place    | Note
-------+----------+-------------------------------------------
     0 | D:1      | Nixze the Troll Monk began the quest for the Orb.
     0 | D:1      | Reached XP level 1. HP: 22/22 MP: 0/0
    47 | D:1      | Reached XP level 2. HP: 24/29 MP: 1/1
   508 | D:1      | Reached XP level 3. HP: 36/36 MP: 2/2
   706 | D:2      | Reached skill level 4 in Unarmed Combat
   830 | D:2      | Noticed Natasha
   837 | D:2      | Killed Natasha
   837 | D:2      | Reached XP level 4. HP: 36/45 MP: 3/3
   850 | D:2      | Noticed Natasha
   869 | D:2      | Killed Natasha
   913 | D:2      | Noticed Natasha
   923 | D:2      | Killed Natasha
   983 | D:2      | Found an iron altar of Okawaru.
   986 | D:2      | Reached skill level 5 in Unarmed Combat
   991 | D:2      | Reached XP level 5. HP: 53/53 MP: 4/4
   992 | D:2      | Noticed Jessica
   996 | D:2      | Became a worshipper of Warmaster Okawaru
   996 | D:2      | Reached * piety under Okawaru
   996 | D:2      | Reached ** piety under Okawaru
  1000 | D:2      | Killed Jessica
  1226 | D:2      | Found a sparkling altar of Nemelex Xobeh.
  2133 | D:3      | Noticed an ogre
  2156 | D:3      | Killed an ogre
  2156 | D:3      | Reached skill level 6 in Unarmed Combat
  2156 | D:3      | Reached XP level 6. HP: 28/62 MP: 5/5
  2731 | D:3      | Noticed Terence
  2736 | D:3      | Killed Terence
  3025 | D:4      | Reached *** piety under Okawaru
  3025 | D:4      | Reached XP level 7. HP: 68/70 MP: 6/6
  3095 | D:4      | Noticed Grinder
  3109 | D:4      | Killed Grinder
  3109 | D:4      | Reached skill level 7 in Unarmed Combat
  3402 | D:4      | Reached skill level 1 in Invocations
  3407 | D:4      | Found a staircase to the Ecumenical Temple.
  3556 | D:4      | Reached skill level 8 in Unarmed Combat
  3556 | D:4      | Reached XP level 8. HP: 56/79 MP: 6/8
  3718 | D:5      | Entered Level 5 of the Dungeon
  3727 | D:5      | Reached skill level 5 in Fighting
  3914 | D:5      | Reached **** piety under Okawaru
  3947 | D:5      | Noticed Sigmund
  3958 | D:5      | Killed Sigmund
  3958 | D:5      | Reached skill level 9 in Unarmed Combat
  4118 | D:5      | Found Icekat's Antique Armour Emporium.
  4130 | D:5      | Bought a fine cloak for 247 gold pieces
  4135 | D:5      | Identified the cursed +0 cloak "Hiloeluci" {rC+ MR- Regen+}
                  | (You bought it in a shop on level 5 of the Dungeon)
  4555 | D:6      | Reached XP level 9. HP: 86/89 MP: 10/10
  4786 | D:6      | Noticed Duvessa
  4786 | D:6      | Noticed Dowan
  4808 | D:6      | Killed Duvessa
  4818 | D:6      | Killed Dowan
  4818 | D:6      | Reached skill level 10 in Unarmed Combat
  4984 | D:6      | Found a glowing golden altar of the Shining One.
  4986 | D:6      | Noticed an angel
  4989 | D:6      | Reached ***** piety under Okawaru
  5035 | D:6      | Found an opulent altar of Gozag.
  5067 | D:6      | Found a radiant altar of Vehumet.
  5257 | D:6      | Found a basalt altar of Yredelemnul.
  5519 | D:7      | Learned a level 1 spell: Corona
  5525 | D:7      | Found a stormy altar of Qazlal.
  5667 | D:7      | Found a shimmering blue altar of Sif Muna.
  6467 | D:8      | Found a hide-covered altar of Uskayaw.
  6506 | D:8      | Reached skill level 1 in Shields
  6576 | D:8      | Noticed a deep elf mage
  6583 | D:8      | Killed a deep elf mage
  6620 | D:8      | Noticed a two-headed ogre
  6623 | D:8      | Reached XP level 10. HP: 100/100 MP: 12/12
  6633 | D:8      | Killed a two-headed ogre
  6633 | D:8      | Received a gift from Okawaru
  6633 | D:8      | Reached skill level 11 in Unarmed Combat
  6633 | D:8      | Reached skill level 5 in Invocations
  6636 | D:8      | Got a faintly glowing quarterstaff {god gift}
  6637 | D:8      | Identified the +5 quarterstaff of Fate {holy, *Slow +Rage
                  | MR+++ Str+3} (Okawaru gifted it to you on level 8 of the
                  | Dungeon)
  7084 | D:8      | Found a runed translucent gate.
  7084 | D:8      | Found a runed translucent gate.
  7085 | D:8      | Found a runed translucent gate.
  7085 | D:8      | Noticed larifari's ghost (journeyman KoEE)
  7586 | D:9      | Found a white marble altar of Elyvilon.
  7716 | D:9      | Found a shimmering altar of Xom.
  7716 | D:9      | Found a shimmering altar of Xom.
  7762 | D:9      | Found a shimmering altar of Xom.
  7762 | D:9      | Found a shimmering altar of Xom.
  7764 | D:9      | Found a shimmering altar of Xom.
  7853 | D:9      | Found a runed translucent gate.
  7853 | D:9      | Found a runed translucent gate.
  7853 | D:9      | Found a runed translucent gate.
  7853 | D:9      | Noticed Necrophagist's ghost (novice DECj)
  7981 | D:9      | Found a sacrificial altar of Ru.
  8239 | D:10     | Entered Level 10 of the Dungeon
  8357 | D:10     | Found Fegrewk's Armour Emporium.
  8365 | D:10     | Bought the cursed +0 robe of Inaction {rF+} for 163 gold
                  | pieces
  8414 | D:10     | Killed an unseen horror
  8414 | D:10     | Received a gift from Okawaru
  8683 | D:10     | Found a shadowy altar of Dithmenos.
  8690 | D:10     | Noticed Sonja
  8699 | D:10     | Killed Sonja
  8699 | D:10     | Reached XP level 11. HP: 75/109 MP: 11/14
  8915 | D:10     | Reached skill level 12 in Unarmed Combat
  9062 | D:10     | Found a staircase to the Orcish Mines.
  9125 | D:11     | Killed an unseen horror
  9547 | D:11     | HP: 5/109 [poisoned by a killer bee]
  9550 | D:11     | HP: 2/109 [killer bee (2)]
  9552 | D:11     | Slain by a killer bee

Levels and vault maps discovered:
D:1:      dpeg_arrival_stonehenge_8_columns, layout_basic
D:2:      layout_loops_ring, nemelex_xobeh_ov_fountains_minmay, serial_bayou,
          serial_bayou_lake_a, serial_bayou_pond_a, serial_bayou_pond_c,
          serial_bayou_shore_a, okawaru_gym_becter, uniq_jessica, uniq_natasha
D:3:      layout_basic, roderic_serpentine_path, minmay_ogre_servants,
          uniq_terence
D:4:      layout_loops_cross, minmay_temple_entry_junction, first_ration,
          uniq_grinder
D:5:      layout_rooms, serial_shops, nicolae_shop_trees, uniq_sigmund
D:6:      lemuel_ratsnest, layout_rooms, grunt_temple_overflow_holy_war,
          kennysheep_mini, basic_altar, kennysheep_nondescript, moated_statue,
          uniq_duvessa
D:7:      layout_layer_cave, nicolae_overflow_hidden_temple, grunt_qazlal_clouds
D:8:      layout_loops_ring, eat_drink_and_be_merry_uskayaw,
          ebering_ghost_rock_garden, the_bakery
D:9:      layout_gridville, xom_redecorated,
          nicolae_ru_great_annihilating_truth, elyvilon_altar_4,
          gammafunk_ghost_necromancy
D:10:     layout_basic, orc_0_dummy, serial_shops, shop,
          nicolae_dithmenos_the_darkroom, uniq_sonja
D:11:     layout_loops_ring, erik_lair_island, serial_shops,
          nicolae_shop_behind_doors, nicolae_shop_stone, shop_statue

Skill      XL: |  1  2  3  4  5  6  7  8  9 10 11 |
---------------+----------------------------------+-----
Unarmed Combat | 4 5 6 8 9 10 11 12 | 12.2
Fighting       | 3 4 5 6 7 |  7.6
Invocations    | 1 3 4 6 |  6.3
Dodging        | 3 4 |  4.1
Shields        | 1 3 4 |  4.5
Stealth        | |  1.0

Action                   |  1- 3 |  4- 6 |  7- 9 | 10-12 || total
-------------------------+-------+-------+-------+-------++-------
Melee: Unarmed           |    88 |   154 |   369 |   301 ||   912
       Punch             |     2 |     3 |    12 |    16 ||    33
Throw: Stone             |       |    24 |    20 |       ||    44
Invok: Heroism           |       |     1 |     2 |     1 ||     4
  Use: Scroll            |     2 |       |     5 |     2 ||     9
       Potion            |       |       |       |     3 ||     3
 Stab: Sleeping          |     3 |     6 |     5 |     5 ||    19
       Distracted        |       |       |       |     1 ||     1
  Eat: Chunk             |    13 |    19 |    34 |    28 ||    94
Armor: Robe              |    30 |    59 |   129 |    68 ||   286
Dodge: Dodged            |    37 |    68 |   206 |   167 ||   478
       Repelled          |       |       |       |     3 ||     3

Table legend:
 A = Non-vault XP
 B = Vault XP
 C = Vault XP percentage of total XP
 D = Non-vault monster count
 E = Vault monster count
 F = Vault count percentage of total count
                 A         B        C        D         E       F
            +---------+---------+-------+---------+---------+-------
      Total |   11369 |    2581 |  18.5 |     270 |      62 |  18.7
            +---------+---------+-------+---------+---------+-------
        D:1 |      42 |       0 |   0.0 |      25 |       0 |   0.0
        D:2 |     166 |      72 |  30.3 |      31 |       2 |   6.1
        D:3 |     221 |     172 |  43.8 |      34 |      10 |  22.7
        D:4 |     486 |     304 |  38.5 |      20 |       1 |   4.8
        D:5 |     736 |     212 |  22.4 |      31 |       1 |   3.1
        D:6 |    1047 |     419 |  28.6 |      27 |      37 |  57.8
        D:7 |     308 |       0 |   0.0 |      16 |       0 |   0.0
        D:8 |    2594 |     220 |   7.8 |      24 |       1 |   4.0
        D:9 |    1886 |      52 |   2.7 |      26 |       4 |  13.3
       D:10 |    1929 |     951 |  33.0 |      20 |       2 |   9.1
       D:11 |    1954 |     179 |   8.4 |      16 |       4 |  20.0
            +---------+---------+-------+---------+---------+-------
